 Dungeon Crawl Stone Soup version 0.20.0-15-g7f486f2 (webtiles) character file.

10256 RaHiT the Nimble (level 11, -13/91 HPs)
             Began as a Merfolk Transmuter on June 24, 2017.
             Was a Follower of Uskayaw.
             Mangled by an ettin
             ... wielding a +0 dire flail
              (28 damage)
             ... on level 9 of the Dungeon on June 25, 2017.
             The game lasted 01:10:39 (11879 turns).

RaHiT the Nimble (Merfolk Transmuter)              Turns: 11879, Time: 01:10:39

Health: -13/91     AC:  5    Str: 13    XL:     11   Next: 59%
Magic:  14/20      EV: 22    Int: 16    God:    Uskayaw [*.....]
Gold:   981        SH:  6    Dex: 16    Spells: 11/22 levels left

rFire    . . .     SeeInvis .   p - +1 dagger (elec)
rCold    . . .     Gourm    .   (no shield)
rNeg     . . .     Faith    .   b - +0 robe
rPois    .         Spirit   .   (helmet restricted)
rElec    .         Reflect  +   G - +0 cloak
rCorr    .         Harm     .   m - +0 pair of gloves
MR       .....                  h - +0 pair of boots
Stlth    +.........             j - +6 amulet of reflection
Regen    0.3/turn               K - +2 ring of evasion
MPRegen  0.2/turn               E - +2 ring of strength

@: about to teleport
A: change form in water, swift swim, stealthy swim, horns 1, agile 1
a: Stomp, Renounce Religion


You were on level 9 of the Dungeon.
You worshipped Uskayaw.
Uskayaw was noncommittal.
You were hungry.

You visited 3 branches of the dungeon, and saw 12 of its levels.
You also visited: Ossuary and Bailey.

You collected 1111 gold pieces.
You spent 130 gold pieces at shops.

Inventory:

Hand Weapons
 p - a +1 dagger of electrocution (weapon)
 B - a +1 whip of flaming
Missiles
 a - 56 arrows
 r - 3 throwing nets (quivered)
Armour
 b - a +0 robe (worn)
 h - a +0 pair of boots (worn)
 m - a +0 pair of gloves (worn)
 v - the +2 helmet of Trial and Error {rN+}
   (You took it off Robin on level 3 of the Dungeon)

   It protects you from negative energy.
 F - a +4 chain mail
 G - a +0 cloak (worn)
Jewellery
 e - an uncursed ring of protection from cold
 j - a +6 amulet of reflection (around neck)
 C - an uncursed ring of positive energy
 E - a +2 ring of strength (right hand)
 K - a +2 ring of evasion (left hand)
Wands
 g - a wand of random effects (0/48)
 x - a wand of paralysis (0/24)
 N - a wand of iceblast (5/15)
Scrolls
 k - a scroll of immolation
 l - 6 scrolls of remove curse
 n - 3 scrolls of teleportation
 t - 2 scrolls of recharging
 y - 2 scrolls of enchant weapon
 D - a scroll of summoning
 P - a scroll of acquirement {unknown}
Potions
 f - 2 potions of resistance
 i - 3 potions of heal wounds
 o - 3 potions of berserk rage
 q - 2 potions of lignification
 u - 3 potions of curing
 w - 5 potions of might
 z - a potion of magic
 A - 2 potions of brilliance {unknown}
 H - a potion of haste {unknown}
 J - a potion of cancellation {unknown}
 O - a potion of experience {unknown}
Books
 c - a book of Changes

   Spells                             Type                      Level
   a - Beastly Appendage              Transmutation                1
   b - Sticks to Snakes               Transmutation                2
   c - Spider Form                    Transmutation/Poison         3
   d - Ice Form                       Ice/Transmutation            4
   e - Blade Hands                    Transmutation                5
 L - a book of Spatial Translocations

   Spells                             Type                      Level
   a - Blink                          Translocation                2
   b - Shroud of Golubria             Charms/Translocation         2
   c - Lesser Beckoning               Translocation                3
   d - Gell's Gravitas                Translocation                3
   e - Teleport Other                 Translocation                3
   f - Passage of Golubria            Translocation                4
 M - the Compendium of Creative Displacement
   (You found it in a bailey)

   Spells                             Type                      Level
   a - Summon Small Mammal            Summoning                    1
   b - Shroud of Golubria             Charms/Translocation         2
   c - Call Imp                       Summoning                    2
   d - Blink                          Translocation                2
   e - Teleport Other                 Translocation                3
   f - Summon Ice Beast               Ice/Summoning                4
   g - Dispersal                      Translocation                6
 Q - a book of Frost

   Spells                             Type                      Level
   a - Freeze                         Ice                          1
   b - Throw Frost                    Conjuration/Ice              2
   c - Ozocubu's Armour               Charms/Ice                   3
   d - Throw Icicle                   Conjuration/Ice              4
   e - Summon Ice Beast               Ice/Summoning                4
Comestibles
 d - 6 bread rations
 s - 10 meat rations


   Skills:
 - Level 10.2 Fighting
 - Level 10.2 Dodging
 - Level 10.2 Unarmed Combat
 * Level 6.4 Spellcasting
 - Level 10.0 Transmutations


You had 11 spell levels left.
You knew the following spells:

 Your Spells              Type           Power        Failure   Level  Hunger
a - Blink                 Tloc           N/A          21%         2    None
b - Sticks to Snakes      Tmut           #####...     1%          2    None
c - Spider Form           Tmut/Pois      ###.......   4%          3    ##.....
d - Ice Form              Ice/Tmut       ###.....     16%         4    ####...


Dungeon Overview and Level Annotations

Branches:
Dungeon (10/15)            Temple (1/1) D:7             Orc (1/2) D:9
   Lair: D:8-11

Altars:
Ashenzari
Cheibriados
Dithmenos
Elyvilon
Fedhas
Gozag
Hepliaklqana
Kikubaaqudgha
Makhleb
Nemelex Xobeh
Okawaru
Qazlal
Ru
Sif Muna
Trog
Uskayaw
Vehumet
Xom
Yredelemnul
Zin
The Shining One

Shops:
D:5 %   D:9 *


Innate Abilities, Weirdness & Mutations

You revert to your normal form in water.
You are very nimble and swift while swimming.
You are very stealthy in the water. (Stealth+)
You have a pair of small horns on your head.
You are agile. (Dex +2)


Message History

Your adder bites the orc warrior but does no damage.
You climb upwards.
Welcome back to the Dungeon!
There is a staircase to the Orcish Mines here.
Casting: Sticks to Snakes
Confirm with . or Enter, or press ? or * to list all spells.
You create a snake!
You now have 56 arrows.
The ettin misses you. The ettin hits you with a dire flail!!!
* * * LOW HITPOINT WARNING * * *
Your transformation has ended.
Your +1 dagger of electrocution unmelds from your body.
Your +0 cloak unmelds from your body.
Your +0 pair of gloves unmelds from your body.
Your +0 pair of boots unmelds from your body.
Your +0 robe unmelds from your body.
You hear the crackle of electricity.
Your ball python completely misses the ettin.
As you read the scroll of teleportation, it crumbles to dust.
You feel strangely unstable. The ettin completely misses you.
The ettin hits you with a dire flail!!
You die...

........#+######.######.#.#.##...
........#.#####......##.##..##...
...........##.......#.....#..###.
...........#..##.##..#.#.##.####.
...........##..#.##.#..##.#..##..
#..........##.#####..##.#..####..
...........#.##..S>........# #..
...........###..#C.#..###.## #..
...........####.@.#.#...#.# #..
..#######..##........##..#### #..
..#######..#....#..#....#.#.###..
...........#.....##.#..##....##..
...........##.###...##.#.#.#.##..
...........##.#..##.........##.#.
...........#..##.####..##.#..#...
##.........###.#.....##.#.##.....
...........# #.######.########...


You could see an ettin and a friendly ball python.

Vanquished Creatures
  An orc warlord (Bailey)
  Erica (Orc:1)
  An unseen horror (D:10)
  The ghost of SexyTroll44 the Changer, a novice OpTm of Sif Muna (D:6)
  An orc knight (Bailey)
  Pikel (D:7)
  A cyclops (Orc:1)
  A troll (Orc:1)
  Grinder (D:5)
  2 hippogriffs
  5 yaks (D:10)
  Eustachio (D:5)
  3 hungry ghosts (D:9)
  A warg (Orc:1)
  Menkaure (D:5)
  A water moccasin (D:8)
  A sky beast (D:6)
  4 orc warriors
  3 slaves (D:7)
  2 necrophages
  2 ice beasts
  5 ogres
  2 phantoms
  3 centaurs
  2 elf zombies (D:7)
  6 bullfrogs
  An elf skeleton (D:7)
  A scorpion (D:9)
  A troll zombie (D:9)
  6 killer bees (D:7)
  2 crimson imps
  3 bullfrog zombies
  A centaur zombie (Ossuary)
  A human zombie (Ossuary)
  4 jellies
  4 hounds
  A gnoll shaman (D:7)
  A bullfrog skeleton (D:9)
  5 orc priests
  9 orc wizards
  An iguana (D:8)
  2 human skeletons (D:7)
  Ijyb (D:3)
  Terence (D:2)
  9 worker ants
  5 ogre zombies (D:9)
  A big kobold zombie (Ossuary)
  2 mummies (Ossuary)
  A howler monkey zombie (D:6)
  Robin (D:3)
  9 gnolls
  14 adders
  A howler monkey skeleton (D:9)
  A shadow imp (D:9)
  3 adder skeletons
  An adder zombie (D:5)
  3 worms
  2 dart slugs
  4 leopard geckos
  32 orcs
  A ball python (D:5)
  7 bats
  6 giant cockroaches
  2 gnoll zombies (Ossuary)
  9 hobgoblins
  6 jackals (D:2)
  4 quokkas
  5 frilled lizards
  23 goblins
  7 goblin zombies
  7 hobgoblin zombies
  16 kobolds
  2 leopard gecko skeletons
  3 orc skeletons
  12 orc zombies
  A quokka skeleton (D:5)
  7 rats
305 creatures vanquished.

Vanquished Creatures (collateral kills)
  An orc (Orc:1)
1 creature vanquished.

Vanquished Creatures (others)
  A slave (D:7)
  3 kobolds (Bailey)
4 creatures vanquished.

Grand Total: 310 creatures vanquished

Notes
Turn   | Place    | Note
-------+----------+-------------------------------------------
     0 | D:1      | RaHiT the Merfolk Transmuter began the quest for the Orb.
     0 | D:1      | Reached XP level 1. HP: 15/15 MP: 3/3
   182 | D:1      | Reached XP level 2. HP: 14/21 MP: 3/5
   189 | D:1      | Learned a level 2 spell: Sticks to Snakes
   648 | D:2      | Reached XP level 3. HP: 22/26 MP: 4/6
   693 | D:2      | Learned a level 3 spell: Spider Form
   908 | D:2      | Noticed Terence
   991 | D:2      | Reached skill level 5 in Transmutations
  1550 | D:2      | Reached XP level 4. HP: 22/32 MP: 4/7
  1672 | D:2      | Killed Terence
  2152 | D:3      | Reached XP level 5. HP: 37/37 MP: 5/8
  2202 | D:3      | Noticed Robin
  2218 | D:3      | Killed Robin
  2232 | D:3      | Got a warped helmet
  2238 | D:3      | Identified the +2 helmet of Trial and Error {rN+} (You took it off Robin on level 3 of the Dungeon)
  2346 | D:3      | Noticed Ijyb
  2360 | D:3      | Paralysed by Ijyb for 2 turns
  2366 | D:3      | Paralysed by Ijyb for 4 turns
  2368 | D:3      | Killed Ijyb
  2908 | D:4      | Noticed a centaur
  2919 | D:4      | Killed a centaur
  2919 | D:4      | Reached XP level 6. HP: 35/43 MP: 3/11
  3207 | D:5      | Entered Level 5 of the Dungeon
  3275 | D:5      | Noticed Eustachio
  3294 | D:4      | Reached XP level 7. HP: 40/48 MP: 9/13
  3357 | D:5      | Killed Eustachio
  3415 | D:5      | Noticed Menkaure
  3425 | D:5      | Killed Menkaure
  3652 | D:5      | Found Nirit's Food Shop.
  3825 | D:5      | Reached skill level 10 in Transmutations
  3834 | D:5      | Found a deep blue altar of Sif Muna.
  3892 | D:5      | Reached XP level 8. HP: 54/54 MP: 10/14
  4348 | D:5      | Learned a level 4 spell: Ice Form
  4369 | D:6      | Reached skill level 5 in Dodging
  4495 | D:6      | Noticed SexyTroll44's ghost (novice OpTm)
  4516 | D:6      | Killed SexyTroll44's ghost
  4818 | D:6      | Noticed Grinder
  4849 | D:6      | Paralysed by something for 5 turns
  5062 | D:5      | Paralysed by Grinder for 6 turns
  5091 | D:5      | Killed Grinder
  5091 | D:5      | Reached XP level 9. HP: 31/59 MP: 12/15
  5109 | D:5      | Reached skill level 10 in Dodging
  5408 | D:6      | Found a deep blue altar of Sif Muna.
  5676 | D:6      | Gained mutation: You are agile. (Dex +2) [mutagenic meat]
  5677 | D:6      | Gained mutation: You have a pair of small horns on your head. [mutagenic meat]
  6034 | D:7      | Found a sand-covered staircase.
  6042 | Ossuary  | Entered an ossuary
  6061 | Ossuary  | Reached skill level 5 in Fighting
  7403 | D:7      | Found a staircase to the Ecumenical Temple.
  7419 | Temple   | Entered the Ecumenical Temple
  7539 | Temple   | Became a worshipper of Uskayaw the Reveler
  7742 | D:7      | Reached * piety under Uskayaw
  8095 | D:7      | Noticed Pikel
  8106 | D:7      | Reached ** piety under Uskayaw
  8110 | D:7      | Reached *** piety under Uskayaw
  8111 | D:7      | Killed Pikel
  8111 | D:7      | Reached XP level 10. HP: 70/83 MP: 14/16
  8359 | D:7      | Found a glowing silver altar of Zin.
  8522 | D:8      | Reached **** piety under Uskayaw
  8526 | D:8      | Reached ***** piety under Uskayaw
  8742 | D:8      | Reached skill level 10 in Fighting
  9116 | D:9      | Found a staircase to the Orcish Mines.
  9256 | D:9      | Found Tiang's Assorted Antiques.
  9265 | D:9      | Reached skill level 5 in Unarmed Combat
  9279 | D:9      | Bought a potion of heal wounds for 130 gold pieces
  9415 | D:9      | Found a flagged portal.
  9427 | Bailey   | Entered a bailey
  9481 | Bailey   | Noticed an orc warlord
  9692 | Bailey   | Found a runed gate.
  9694 | Bailey   | Found a runed gate.
  9696 | Bailey   | Found a runed gate.
  9703 | Bailey   | Noticed an orc knight
  9749 | Bailey   | Killed an orc knight
 10035 | Bailey   | Identified the Compendium of Creative Displacement
 10119 | Bailey   | Killed an orc warlord
 10119 | Bailey   | Reached XP level 11. HP: 38/91 MP: 11/17
 10138 | Bailey   | Learned a level 2 spell: Blink
 10818 | D:10     | Entered Level 10 of the Dungeon
 10864 | D:10     | Reached skill level 10 in Unarmed Combat
 10866 | D:10     | Reached ****** piety under Uskayaw
 11206 | D:10     | Killed an unseen horror
 11206 | D:10     | Reached skill level 5 in Spellcasting
 11207 | D:10     | HP: 3/91 [centaur warrior skeleton (7)]
 11499 | Orc:1    | Entered Level 1 of the Orcish Mines
 11499 | Orc:1    | Noticed Erica
 11515 | Orc:1    | Killed Erica
 11580 | Orc:1    | Noticed a cyclops
 11602 | Orc:1    | Killed a cyclops
 11848 | Orc:1    | Noticed an ettin
 11879 | D:9      | Mangled by an ettin

Skill      XL: |  1  2  3  4  5  6  7  8  9 10 11 |
---------------+----------------------------------+-----
Transmutations | 3 4 5 6 7 10 | 10.0
Dodging        | 3 9 10 | 10.2
Spellcasting   | 3 4 6 |  6.4
Fighting       | 9 10 | 10.2
Unarmed Combat | 9 10 | 10.2

Action                   |  1- 3 |  4- 6 |  7- 9 | 10-12 || total
-------------------------+-------+-------+-------+-------++-------
Melee: Unarmed           |   107 |   133 |   447 |   337 ||  1024
       Headbutt          |    13 |     2 |       |    23 ||    38
       Punch             |     1 |       |       |     3 ||     4
       Dagger            |       |       |       |    85 ||    85
       Whip              |       |       |       |     7 ||     7
       Tailslap          |       |       |       |     1 ||     1
Throw: Throwing net      |       |       |       |     6 ||     6
 Cast: Beastly Appendage |    26 |     3 |       |       ||    29
       Spider Form       |     3 |    23 |    43 |    24 ||    93
       Sticks to Snakes  |       |     1 |     3 |     9 ||    13
       Ice Form          |       |       |     9 |     8 ||    17
Evoke: Wand              |       |     1 |       |    22 ||    23
  Use: Scroll            |       |     7 |     9 |     3 ||    19
       Potion            |       |       |     2 |     1 ||     3
 Stab: Sleeping          |     1 |     1 |     1 |     1 ||     4
       Distracted        |       |       |     1 |       ||     1
       Paralysed         |       |       |     1 |    13 ||    14
  Eat: Chunk             |     3 |    10 |    16 |    13 ||    42
       Fruit             |       |       |     1 |     2 ||     3
       Royal jelly       |       |       |     3 |       ||     3
       Bread ration      |       |       |       |     1 ||     1
Armor: Robe              |    19 |     5 |     1 |     7 ||    32
       Skin              |       |     7 |    28 |    17 ||    52
Dodge: Dodged            |    78 |    88 |   318 |   350 ||   834
Block: Other             |       |       |    69 |   102 ||   171
       Reflection        |       |       |       |     6 ||     6
